 Dungeon Crawl Stone Soup version 0.27-a0-1191-g601b473118 (webtiles) character file.

Game seed: 1656809457434436783

310256 freelancePsychic the Earth Mage (level 19, -1/156 HPs)
             Began as a Demigod Conjurer on May 23, 2021.
             Killed from afar by a tengu reaver (29 damage)
             ... with a bolt of lightning
             ... on level 3 of the Vaults.
             The game lasted 02:23:35 (51795 turns).

freelancePsychic the Earth Mage (Demigod Conjurer) Turns: 51795, Time: 02:23:35

Health: -1/156     AC: 26    Str: 12    XL:     19   Next: 60%
Magic:  11/48      EV: 12    Int: 50    God:
Gold:   1679       SH:  5    Dex: 12    Spells: 11/40 levels left

rFire    + + .     SeeInvis .   e - staff of conjuration
rCold    . . .     Faith    .   x - +0 buckler
rNeg     . . .     Spirit   .   q - +5 fire dragon scales "Cipreag" {rPois rF++ rC- rCorr Int+7 Slay+3}
rPois    +         Reflect  .   D - +2 helmet {Int+3}
rElec    .         Harm     .   n - +2 cloak {Stlth+}
rCorr    +         Rampage  .   a - +2 pair of gloves {Stlth+}
Will     +....                  A - +1 pair of boots
Stlth    ++........             I - amulet of magic regeneration
HPRegen  0.36/turn              R - ring of protection from cold
MPRegen  0.56/turn              c - ring of magical power

@: corroded
A: high mp 1, forlorn
}: 2/15 runes: barnacled, gossamer
a: no special abilities


You were on level 3 of the Vaults.
You visited 6 branches of the dungeon, and saw 34 of its levels.
You also visited: Trove and Ossuary.

You collected 4872 gold pieces.
You spent 3193 gold pieces at shops.

Inventory:

Armour
 a - a +2 pair of gloves of stealth (worn)
 n - a +2 cloak of stealth (worn)
 q - the +5 fire dragon scales "Cipreag" (worn) {rPois rF++ rC- rCorr Int+7 Slay+3}
   (You found it in a treasure trove)

   It affects your intelligence (+7).
   It affects your accuracy and damage with ranged weapons and melee attacks
   (+3).
   It greatly protects you from fire.
   It makes you vulnerable to cold.
   It protects you from poison.
   It protects you from acid and corrosion.
 x - a +0 buckler (worn)
 A - a +1 pair of boots (worn)
 D - a +2 helmet of intelligence (worn)
Magical Staves
 e - a staff of conjuration (weapon)
Jewellery
 c - a ring of magical power (right hand)
 E - a +4 ring of evasion
 H - the amulet of Winoz {Acrobat rC+ rN+ Will+}
   (You found it on level 1 of the Vaults)

   [amulet of the acrobat]

   It increases your evasion while moving and waiting.
   It protects you from cold.
   It protects you from negative energy.
   It increases your willpower.
 I - an amulet of magic regeneration (around neck)
 M - a ring of fire
 N - a ring of willpower
 P - a ring of fire
 Q - a +6 ring of strength
 R - a ring of protection from cold (left hand)
 S - a ring of see invisible
 U - an amulet of the acrobat
 Z - an amulet of faith
Wands
 j - a wand of flame (125)
 o - a wand of iceblast (25)
 s - a wand of paralysis (18)
 u - a wand of mindburst (26)
 w - a wand of acid (24)
 y - a wand of digging (13)
 z - a wand of charming (22)
 X - a wand of polymorph (21)
Scrolls
 i - 5 scrolls of identify {@r1}
 k - 10 scrolls of enchant weapon
 m - a scroll of brand weapon
 p - 10 scrolls of teleportation {@r4}
 B - 4 scrolls of magic mapping
 K - 2 scrolls of amnesia
 O - 4 scrolls of silence
 V - 3 scrolls of holy word
Potions
 b - 2 potions of curing {@q1}
 d - 4 potions of magic
 f - 7 potions of mutation
 g - a potion of ambrosia
 h - 6 potions of might
 l - 11 potions of flight
 r - 6 potions of resistance
 C - 5 potions of haste {unknown}
 G - 5 potions of lignification
 L - 5 potions of attraction {unknown}
 T - 8 potions of berserk rage
Miscellaneous
 W - a phantom mirror


   Skills:
 - Level 10.4 Fighting
 - Level 11.0 Armour
 - Level 11.9 Dodging
 - Level 1.7 Stealth
 - Level 4.0 Shields
 - Level 11.0 Spellcasting
 - Level 15.0 Conjurations
 - Level 3.0 Translocations
 + Level 19.8 Earth Magic


You had 11 spell levels left.
You knew the following spells:

 Your Spells              Type           Power      Damage    Failure   Level
a - Magic Dart            Conj           100%       1d8       0%          1
b - Searing Ray           Conj           100%       3d7       0%          2
c - Iskenderun's Mystic   Conj/Tloc      100%       2d19      1%          4
d - Iron Shot             Conj/Erth      70%        9d13      1%          6
e - Orb of Destruction    Conj           66%        9d18      7%          7
f - Shatter               Erth           61%        3d46*     75%         9

Your spell library contained the following spells:

 Spells                   Type           Power      Damage    Failure   Level
 Foxfire                  Conj/Fire      100%       2x1d9     1%          1
 Shock                    Conj/Air       100%       1d9       1%          1
 Blink                    Tloc           N/A        N/A       1%          2
 Static Discharge         Conj/Air       100%       N/A       1%          2
 Conjure Flame            Conj/Fire      100%       6-21      1%          3
 Dazzling Flash           Conj/Hex       100%       N/A       1%          3
 Mephitic Cloud           Conj/Pois/Air  86%        N/A       1%          3
 Animate Armour           Summ/Erth      100%       N/A       1%          4
 Fulminant Prism          Conj/Hex       50%        3d23      1%          4
 Hailstorm                Conj/Ice       100%       3d20      1%          4
 Leda's Liquefaction      Hex/Erth       45%        N/A       1%          4
 Sticky Flame             Conj/Fire      100%       2d11      1%          4
 Bolt of Magma            Conj/Fire/Erth 60%        4d24      1%          5
 Borgnjor's Vile Clutch   Necr/Erth      45%        N/A       1%          5
 Iskenderun's Battlesphe  Conj           100%       2d15      1%          5
 Corona                   Hex            30%        N/A       3%          1
 Freeze                   Ice            100%       1d11      3%          1
 Sting                    Tmut/Pois      100%       1d8       3%          1
 Summon Small Mammal      Summ           100%       N/A       3%          1
 Fireball                 Conj/Fire      50%        3d20      4%          5
 Lightning Bolt           Conj/Air       50%        1d71      4%          5
 Call Imp                 Summ           27%        N/A       6%          2
 Corpse Rot               Necr/Air       N/A        N/A       6%          2
 Ensorcelled Hibernation  Hex/Ice        54%        N/A       6%          2
 Poisonous Vapours        Pois/Air       54%        N/A       6%          2
 Slow                     Hex            27%        N/A       6%          2
 Sublimation of Blood     Necr           13%        N/A       6%          2
 Portal Projectile        Hex/Tloc       84%        N/A       6%          3
 Call Canine Familiar     Summ           27%        N/A       12%         3
 Confusing Touch          Hex            27%        N/A       12%         3
 Frozen Ramparts          Ice            54%        1d7       12%         3
 Ignite Poison            Fire/Tmut/Pois 27%        N/A       12%         3
 Inner Flame              Hex/Fire       27%        N/A       12%         3
 Ozocubu's Armour         Ice            27%        N/A       12%         3
 Summon Guardian Golem    Hex/Summ       27%        N/A       12%         3
 Swiftness                Air            27%        N/A       12%         3
 Tukima's Dance           Hex            27%        N/A       12%         3
 Vampiric Draining        Necr           13%        2d7       12%         3
 Airstrike                Air            13%        N/A       36%         4
 Animate Dead             Necr           13%        N/A       36%         4
 Cause Fear               Hex            13%        N/A       36%         4
 Olgreb's Toxic Radiance  Pois           27%        N/A       36%         4
 Summon Ice Beast         Ice/Summ       27%        N/A       36%         4
 Summon Lightning Spire   Summ/Air       27%        N/A       36%         4
 Metabolic Englaciation   Hex/Ice        13%        N/A       71%         5
 Silence                  Hex/Air        13%        N/A       71%         5
 Spellforged Servitor     Conj/Summ      50%        N/A       83%         7
 Death Channel            Necr           13%        N/A       99%         6
 Shadow Creatures         Summ           N/A        N/A       99%         6
 Simulacrum               Ice/Necr       13%        N/A       99%         6
 Ignition                 Fire           13%        3d6       100%        8
 Tornado                  Air            13%        N/A       100%        9


Dungeon Overview and Level Annotations

Branches:
Dungeon (15/15)            Temple (0/1) D:5            Lair (6/6) D:11
 Shoals (4/4) Lair:2       Spider (4/4) Lair:2        Slime (0/5) Lair:5
    Orc (2/2) D:10            Elf (0/3) Orc:2        Vaults (3/5) D:14
  Crypt (0/3) Vaults:2     Depths (0/5) D:15        Ossuary (visited)

Shops:
D:9 [   D:12 (   D:13 [   D:14 !   Orc:2 =?[?   Shoals:1 !

Annotations:
D:3 1 runed translucent door, Likado's ghost, amateur PaAK
D:6 exclusion: two-headed ogre
D:7 Maggie
D:10 Erica
Lair:5 2 transporters, exclusion: 2 oklob plants, Luam's ghost, journeyman OpFi
Lair:6 exclusion: 4 oklob plants
Orc:1 3 runed translucent doors, Cheivey's ghost, journeyman HOBe


Innate Abilities, Weirdness & Mutations

Your attributes grow dramatically as you level up.
You have an increased reservoir of magic. (+10% MP)
You shall have no god before yourself.


Message History

There is an open door here.
The tengu reaver barely misses you. You block the tengu reaver's attack.
The tengu reaver claws you.
The tengu reaver hits you but does no damage.
The tengu reaver pecks you.
The tengu reaver claws you but does no damage.
Casting: Iron Shot (mildly dangerous; 1% risk of failure)
Confirm with . or Enter, or press ? or * to list all spells.
Aiming: Iron Shot (mildly dangerous; 1% risk of failure)
Press: ? - help, Shift-Dir - straight line, f/p - vault guard
Aim: a vault guard, wielding a +0 war axe, wearing a +0 chain mail and wearing a +0 tower shield (severely wounded, 84% to hit)
Okay, then.
Casting: Iron Shot (mildly dangerous; 1% risk of failure)
Confirm with . or Enter, or press ? or * to list all spells.
You feel a surge of power!
You erupt in a blast of force!
The mystic blast hits the tengu reaver but does no damage.
The mystic blast hits the vault guard!!
You kill the vault guard!
The tengu reaver closely misses you.
The tengu reaver pecks you but does no damage.
The tengu reaver claws you but does no damage.
The yaktaur captain shoots a bolt.
The bolt barely misses you.
The yaktaur captain shoots a bolt.
The bolt hits you but does no damage.
The yaktaur captain shoots a bolt.
The bolt hits you!!
The tengu reaver gestures at you while chanting.
The bolt of lightning hits you!! The tengu reaver casts a spell at you.
The bolt of acid hits you!! You resist.
* * * LOW HITPOINT WARNING * * *
The acid corrodes you!
You are splashed with acid.
You resist.
* * * LOW HITPOINT WARNING * * *
As you read the scroll of fear, it crumbles to dust.
You assume a fearsome visage.
The tengu reaver easily resists.
The yaktaur captain looks frightened!
Okay, then.
The tengu reaver gestures at you while chanting.
The bolt of lightning misses you.
The tengu reaver points at you and mumbles some strange words.
The bolt of lightning hits you!!
You die...

.......#......# ##'####..#
..e....'......# #..'.#).#
......[#......# #..####†##
.......#......# ##'##..#..#
########......# #...'..'..#
#......# #.<[####..#
###########'###########[#######
...........................#
.............Q..@......)...#
.).....................[...#
...........................#
...........................#
...........................#
...........................#
...........................#
#################'###########
#...#...#...#


You could see a tengu reaver.

Vanquished Creatures
  Frederick (Vaults:2)
  Nikola (Vaults:1)
  3 krakens
  Polyphemus (Shoals:4)
  Donald (Shoals:2)
  3 sphinxes
  3 tengu reavers
  A frost giant (Vaults:2)
  3 ghost moths (Spider:4)
  4 vault wardens
  11 emperor scorpions
  10 ironbound preservers
  4 very ugly things
  2 stone giants (Vaults:3)
  Nessos (D:13)
  8 dire elephants
  A deep elf demonologist (Vaults:1)
  3 entropy weavers
  4 merfolk javelineers (Shoals:4)
  An ettin (Vaults:3)
  8 merfolk impalers
  6 yaktaur captains
  A deep elf high priest (Vaults:3)
  10 hydras
  Erolcha (D:13)
  Harold (Lair:1)
  6 vault guards
  10 boulder beetles
  2 ironbound thunderhulks
  6 ironbound frosthearts
  3 catoblepae
  4 merfolk avatars
  2 merfolk aquamancers
  2 alligator snapping turtles
  2 satyrs (Shoals:4)
  5 centaur warriors
  5 two-headed ogres
  2 death knights (Vaults:2)
  Urug (D:13)
  3 death yaks (Shoals:4)
  5 ironbound beastmasters
  6 orc high priests
  Nergalle (Lair:1)
  A shadow wraith (Vaults:2)
  12 sea snakes
  21 deep trolls
  9 ironbound convokers
  3 lindwurms
  10 orc knights
  24 harpies
  3 wizards
  2 deep elf pyromancers
  17 manticores
  3 fauns
  21 orb spiders
  3 orc sorcerers
  A salamander (D:15)
  30 ugly things
  A moth of wrath (Spider:2)
  29 wolf spiders
  4 cyclopes
  An elephant (shapeshifter) (D:13)
  5 elephants (Lair:6)
  8 black mambas
  7 merfolk sirens
  3 water nymphs
  4 torpor snails
  9 cane toads
  11 vault sentinels
  A torpor snail (shapeshifter) (Vaults:3)
  A kobold demonologist (D:11)
  Psyche (D:8)
  3 rime drakes
  An unseen horror (D:11)
  2 tengu conjurers
  9 komodo dragons
  15 demonic crawlers
  A freezing wraith (D:14)
  28 merfolk
  7 trolls
  A polar bear (Lair:2)
  6 yaktaurs
  9 wind drakes
  28 jumping spiders
  35 slime creatures
  10 hornets
  24 blink frogs
  6 dream sheep
  8 snapping turtles
  67 redbacks
  7 water elementals
  65 yaks
  24 tarantellas
  4 wraiths
  A shadow (D:11)
  6 vampires
  6 wyverns
  3 steam dragons
  8 basilisks
  Eustachio (D:4)
  8 vampire mosquitoes
  9 wargs
  3 acid dragons
  18 water moccasins
  36 orc warriors
  2 sky beasts
  A black bear (D:8)
  A hornet zombie (D:8)
  An ice beast (D:5)
  5 boggarts (D:15)
  8 centaurs
  8 wolves
  2 phantoms
  9 ogres
  An elf zombie (Ossuary)
  22 bullfrogs
  2 gnoll sergeants
  9 kobold brigands
  4 scorpions
  5 killer bees (D:9)
  10 electric eels
  4 wights (D:8)
  7 centaur zombies
  A lava snake (D:7)
  A hound (D:5)
  3 jellies
  32 orc priests
  3 human zombies (Ossuary)
  5 iguanas
  6 hell rats (Lair:1)
  14 orc wizards
  A hound zombie (Ossuary)
  3 mummies (Ossuary)
  2 hound skeletons
  2 howler monkey zombies (D:8)
  7 gnolls
  10 adders
  A shadow imp (D:5)
  A white imp (D:6)
  2 adder zombies (Ossuary)
  3 worms
  2 dart slugs
  79 orcs
  5 ball pythons
  11 endoplasms
  3 giant cockroaches
  11 goblins
  5 hobgoblins
  5 jackals (D:3)
  20 kobolds
  2 quokkas
  5 bats
  7 frilled lizards
  2 goblin zombies (Ossuary)
  5 hobgoblin zombies (Ossuary)
  2 jackal zombies (Ossuary)
  4 kobold zombies (Ossuary)
  4 orc zombies (Ossuary)
  3 quokka zombies (Ossuary)
  5 rats
  6 rat zombies
  7 tentacles
1253 creatures vanquished.

Vanquished Creatures (others)
  A vault warden (Vaults:2)
  An entropy weaver (Vaults:1)
  A merfolk aquamancer (Shoals:4)
  2 redbacks (Vaults:1)
  A water elemental (Shoals:2)
  A yak (Lair:5)
  An orc (Orc:2)
  34 fungi
  100 plants
  14 tentacles
156 creatures vanquished.

Grand Total: 1409 creatures vanquished

Notes
Turn   | Place    | Note
-------+----------+-------------------------------------------
     0 | D:1      | freelancePsychic the Demigod Conjurer began the quest for
                  | the Orb.
     0 | D:1      | Reached XP level 1. HP: 14/14 MP: 5/5
     3 | D:1      | Noticed an electric eel
     4 | D:1      | Noticed an electric eel
   205 | D:1      | Reached XP level 2. HP: 20/20 MP: 0/7
   400 | D:1      | Learned a level 2 spell: Searing Ray
  1309 | D:2      | Reached XP level 3. HP: 26/26 MP: 7/9
  2212 | D:2      | Reached XP level 4. HP: 33/33 MP: 6/10
  2462 | D:3      | Reached skill level 5 in Conjurations
  2868 | D:3      | You fall into a shaft and drop 1 floor!
  2931 | D:3      | Reached XP level 5. HP: 38/38 MP: 8/12
  3271 | D:3      | Found a runed translucent door.
  3272 | D:3      | Noticed Likado's ghost (amateur PaAK)
  3272 | D:3      | Noticed an ice beast
  4108 | D:4      | Noticed Eustachio
  4118 | D:4      | Killed Eustachio
  4119 | D:4      | Reached skill level 1 in Fighting
  4119 | D:4      | Reached XP level 6. HP: 25/47 MP: 7/14
  4531 | D:5      | Entered Level 5 of the Dungeon
  4883 | D:5      | Reached XP level 7. HP: 56/56 MP: 7/16
  5034 | D:5      | Found a staircase to the Ecumenical Temple.
  5699 | D:6      | Noticed a steam dragon
  5706 | D:6      | Killed a steam dragon
  5734 | D:6      | Reached skill level 5 in Dodging
  5786 | D:6      | Reached XP level 8. HP: 52/66 MP: 8/17
  5930 | D:6      | Noticed a two-headed ogre
  6398 | D:6      | Identified the +9 spear of the Vine {protect, rPois rF+
                  | Will- Dex+2}
  6918 | D:7      | Noticed Maggie
  7020 | D:8      | Noticed Psyche
  7024 | D:8      | Killed Psyche
  7098 | D:8      | Reached XP level 9. HP: 71/71 MP: 13/18
  7113 | D:8      | Found a sand-covered staircase.
  7167 | Ossuary  | Entered an ossuary
  8602 | D:8      | Reached XP level 10. HP: 60/78 MP: 10/19
  9400 | D:9      | Reached skill level 10 in Conjurations
  9529 | D:9      | Found Woolyeq's Antique Armour Shop.
 10594 | D:9      | Reached skill level 5 in Fighting
 10821 | D:9      | Upgraded the game from 0.27-a0-1189-gb8eb6cee8e to
                  | 0.27-a0-1191-g601b473118
 10846 | D:10     | Entered Level 10 of the Dungeon
 10889 | D:10     | Noticed Erica
 11591 | D:10     | Noticed a two-headed ogre
 11609 | D:10     | Killed a two-headed ogre
 11610 | D:10     | Reached skill level 10 in Dodging
 11985 | D:10     | Reached XP level 11. HP: 86/89 MP: 11/21
 12160 | D:9      | Learned a level 4 spell: Iskenderun's Mystic Blast
 12258 | D:10     | Found a staircase to the Orcish Mines.
 12387 | D:10     | Reached skill level 5 in Spellcasting
 12511 | Orc:1    | Entered Level 1 of the Orcish Mines
 12524 | Orc:1    | Reached skill level 1 in Translocations
 13171 | Orc:1    | Found a runed translucent gate.
 13172 | Orc:1    | Found a runed translucent gate.
 13174 | Orc:1    | Found a runed translucent gate.
 13180 | Orc:1    | Noticed Cheivey's ghost (journeyman HOBe)
 13209 | Orc:2    | Entered Level 2 of the Orcish Mines
 13362 | Orc:2    | Noticed an orc knight
 13731 | Orc:2    | Killed an orc knight
 14034 | Orc:2    | Noticed an orc high priest
 14047 | Orc:2    | Killed an orc high priest
 14233 | Orc:2    | Noticed an orc knight
 14235 | Orc:2    | Noticed an orc knight
 14237 | Orc:2    | Noticed an orc high priest
 14243 | Orc:2    | Noticed an orc knight
 14250 | Orc:2    | Noticed an orc knight
 14539 | Orc:1    | Killed an orc knight
 14675 | Orc:1    | Killed an orc knight
 14760 | Orc:2    | Noticed an orc knight
 14762 | Orc:2    | Noticed an orc knight
 14764 | Orc:2    | Noticed an orc knight
 14766 | Orc:2    | Noticed an orc knight
 14773 | Orc:1    | Killed an orc high priest
 14949 | Orc:1    | Killed an orc knight
 15281 | Orc:2    | Killed an orc knight
 15282 | Orc:2    | Reached XP level 12. HP: 103/103 MP: 14/26
 15978 | Orc:2    | Found a staircase to the Elven Halls.
 16752 | Orc:2    | Reached skill level 10 in Fighting
 17176 | Orc:2    | Found Yngaehig's Jewellery Shoppe.
 17179 | Orc:2    | Found Nuthur's Magic Scroll Shoppe.
 17182 | Orc:2    | Found Gytzehem's Antique Armour Emporium.
 17183 | Orc:2    | Found Liphut's Magic Scroll Shoppe.
 17193 | Orc:2    | Bought a scroll of acquirement for 572 gold pieces
 17193 | Orc:2    | Acquired a book of Power
 17195 | Orc:2    | Bought a scroll of acquirement for 572 gold pieces
 17195 | Orc:2    | Acquired 1039 gold pieces
 17200 | Orc:2    | Bought a scroll of acquirement for 676 gold pieces
 17200 | Orc:2    | Acquired a ring of magical power
 17207 | Orc:2    | Bought an amulet of magic regeneration for 420 gold pieces
 17397 | D:11     | Reached skill level 1 in Earth Magic
 17480 | D:11     | Reached skill level 2 in Earth Magic
 17793 | D:11     | Found a staircase to the Lair.
 17805 | D:11     | Reached skill level 3 in Earth Magic
 18007 | D:11     | Found a portal to a secret trove of treasure.
 18315 | D:11     | Reached skill level 4 in Earth Magic
 18335 | D:11     | Learned a level 6 spell: Iron Shot
 18382 | Lair:1   | Entered Level 1 of the Lair of Beasts
 18396 | Lair:1   | Noticed Harold
 18407 | Lair:1   | Killed Harold
 18427 | Lair:1   | Reached skill level 5 in Earth Magic
 18573 | Lair:1   | Noticed Nergalle
 18583 | Lair:1   | Killed Nergalle
 19333 | Lair:2   | Found a staircase to the Shoals.
 19518 | Lair:2   | Reached skill level 6 in Earth Magic
 19543 | Lair:2   | Noticed an eight-headed hydra
 19547 | Lair:2   | Reached XP level 13. HP: 99/114 MP: 2/29
 19622 | Lair:2   | Reached skill level 7 in Earth Magic
 19692 | Lair:2   | Found the +2 Maxwell's thermic engine {flame, freeze}
 20075 | Lair:2   | Found a hole to the Spider Nest.
 20747 | Lair:3   | Reached skill level 8 in Earth Magic
 21323 | Lair:4   | Reached skill level 9 in Earth Magic
 21607 | Lair:4   | Reached skill level 10 in Earth Magic
 22139 | Lair:4   | Identified the +11 great sword "Qumev" {freeze, *Rage rElec
                  | rCorr Str-4}
 22232 | Lair:5   | Found a transporter.
 22288 | Lair:5   | Found a transporter.
 22292 | Lair:5   | Noticed Luam's ghost (journeyman OpFi)
 22346 | Lair:5   | Identified the Almanac of Dark Flames
 22860 | Lair:5   | Found a staircase to the Slime Pits.
 22896 | Lair:6   | Entered Level 6 of the Lair of Beasts
 23055 | Lair:6   | Reached skill level 11 in Earth Magic
 23327 | Lair:6   | Reached XP level 14. HP: 122/122 MP: 10/30
 24919 | Orc:2    | Bought a scroll of fog for 22 gold pieces
 24919 | Orc:2    | Bought a scroll of fog for 22 gold pieces
 24919 | Orc:2    | Bought a scroll of fear for 38 gold pieces
 25213 | Orc:2    | Bought a scroll of fog for 26 gold pieces
 25357 | D:11     | You paid a toll of 6 scrolls of fog to enter a treasure
                  | trove
 25358 | Trove    | Entered a treasure trove
 25387 | Trove    | Identified the +5 robe of the Weaver {Str+3}
 25398 | Trove    | Identified the +8 chain mail "Alim Doce" {rF+}
 25399 | Trove    | Identified the +5 fire dragon scales "Cipreag" {rPois rF++
                  | rC- rCorr Int+7 Slay+3}
 25500 | D:9      | Bought a runed helmet for 195 gold pieces
 25513 | D:9      | Learned a level 7 spell: Orb of Destruction
 25575 | D:12     | Reached skill level 1 in Armour
 25656 | D:12     | Found Noeguoze's Weapon Emporium.
 26843 | D:13     | Found Aton's Antique Armour Boutique.
 27059 | D:13     | Reached skill level 12 in Earth Magic
 27257 | D:13     | Noticed Urug
 27261 | D:13     | Killed Urug
 27387 | D:13     | Noticed Erolcha
 27389 | D:13     | Killed Erolcha
 27557 | D:13     | Noticed Nessos
 27563 | D:13     | Killed Nessos
 27841 | D:14     | Found Utewycie's Distillery.
 27846 | D:14     | Bought a potion of experience for 650 gold pieces
 27846 | D:14     | Reached XP level 15. HP: 128/128 MP: 31/31
 28245 | D:14     | Reached skill level 5 in Armour
 28431 | D:14     | Found a gate to the Vaults.
 28871 | D:15     | Entered Level 15 of the Dungeon
 29302 | D:15     | Found a staircase to the Depths.
 29310 | D:15     | Reached skill level 13 in Earth Magic
 29367 | D:14     | Reached XP level 16. HP: 113/135 MP: 1/32
 30674 | Spider:1 | Entered Level 1 of the Spider Nest
 33513 | Spider:3 | Reached skill level 14 in Earth Magic
 34657 | Spider:4 | Entered Level 4 of the Spider Nest
 35410 | Spider:3 | Reached XP level 17. HP: 99/141 MP: 23/33
 36097 | Spider:4 | Reached skill level 10 in Armour
 36594 | Spider:4 | Got a gossamer rune of Zot
 36847 | Spider:4 | Reached skill level 15 in Conjurations
 37348 | Shoals:1 | Entered Level 1 of the Shoals
 37441 | Shoals:2 | Reached skill level 15 in Earth Magic
 37442 | Shoals:2 | Reached skill level 1 in Shields
 37478 | Shoals:1 | Found Filluhoy's Distillery.
 38660 | Shoals:2 | Noticed Donald
 38921 | Shoals:2 | HP: 4/141 [manticore/volley of spikes (4)]
 40045 | Shoals:2 | Killed Donald
 41399 | Shoals:4 | Entered Level 4 of the Shoals
 42327 | Shoals:4 | Identified the ring "Qegrunk" {rPois rN++ MP-9 Str+6 Dex-4}
 42519 | Shoals:4 | Reached XP level 18. HP: 102/149 MP: 26/35
 42688 | Shoals:4 | Reached skill level 16 in Earth Magic
 43879 | Shoals:4 | Noticed Polyphemus
 44343 | Shoals:4 | Got a barnacled rune of Zot
 44494 | Shoals:4 | Killed Polyphemus
 44766 | Vaults:1 | Entered Level 1 of the Vaults
 44780 | Vaults:1 | Found the +0 pair of fencer's gloves {Riposte Dex+3}
 44847 | Vaults:1 | Noticed Nikola
 44862 | Vaults:1 | Killed Nikola
 44863 | Vaults:1 | Reached skill level 10 in Spellcasting
 45872 | Vaults:1 | Identified the amulet of Winoz {Acrobat rC+ rN+ Will+}
 46055 | Vaults:1 | Reached skill level 17 in Earth Magic
 46398 | Vaults:1 | You fall into a shaft and drop 1 floor!
 47515 | Vaults:1 | Learned a level 9 spell: Shatter
 48672 | Vaults:2 | Reached skill level 18 in Earth Magic
 48901 | Vaults:2 | Reached XP level 19. HP: 156/156 MP: 36/39
 49582 | Vaults:2 | Noticed Frederick
 49585 | Vaults:2 | Killed Frederick
 50011 | Vaults:2 | Found a staircase to the Crypt.
 50735 | Vaults:3 | Reached skill level 19 in Earth Magic
 51795 | Vaults:3 | Killed from afar by a tengu reaver

Illustrated notes

Levels and vault maps discovered:
D:1:      arrival_aquarium_b, layout_loops_cross,
          shapermc_ecumenical_altar_totnotflames
D:2:      layout_loops_ring
D:3:      layout_rooms, minitemple, ebering_ghost_inner_flame
D:4:      layout_loops_ring, nicolae_overflow_crystal_walls, serial_glass,
          glass_columns_a, glass_columns_c, uniq_eustachio
D:5:      layout_basic, minmay_temple_entry_mist
D:6:      layout_loops_cross, serial_park_tiny_2, st_stairs_11
D:7:      layout_gridville, chequers_temple_overflow_statue_of_worship,
          kennysheep_generic_room_4, uniq_maggie
D:8:      layout_loops_ring, nicolae_ossuary_entry_false_entrances, uniq_psyche
D:9:      wad_lake_hut, layout_layer_cave, serial_shops, shop_statue
D:10:     layout_roguey, kennysheep_mini_moat,
          kennysheep_orc_monster_closet_entryway,
          chequers_serial_rivers_small_a, uniq_erica
D:11:     layout_small_grid, lair_entry_dummy, nicolae_trove_entry_crystal
D:12:     layout_stronghold, serial_shops, kennysheep_mini
D:13:     layout_rooms, serial_shops, shop, lemuel_zombie_altar_kikubaaqudgha,
          uniq_nessos, uniq_erolcha, uniq_urug
D:14:     layout_roguey, david_vaults_1, serial_shops, shop,
          serial_bayou_shore_a, lightli_minifort
D:15:     hangedman_depths_entry_try_elsewhere_first, layout_basic
Lair:1:   layout_loops_ring, uniq_nergalle, uniq_harold
Lair:2:   layout_regular_city, elwin_shoals_entry_rocks,
          spider_nest_entry_rubble, columned_hall_lemuel, nzn_random_ring
Lair:3:   layout_long_grid, hibernation_bobbens
Lair:4:   layout_cave_shapes, grunt_megastairs_1, lemuel_fruit_fields,
          lemuel_fruit_tree
Lair:5:   layout_cave_shapes, minmay_slime_entry_oklob_enclosed,
          gammafunk_ghost_berserking_beasts, chequers_serial_rivers_micro_d
Lair:6:   hangedman_lair_in_review, layout_loops_ring,
          chequers_serial_rivers_micro_d, grunt_megastairs_3,
          minmay_lair_oklob_chamber
Shoals:1: layout_shoals, serial_shops, nicolae_shop_crystal
Shoals:2: layout_shoals, uniq_donald
Shoals:3: layout_shoals
Shoals:4: shoals_end_hangedman, layout_shoals, uniq_polyphemus
Spider:1: layout_spider_delve
Spider:2: layout_spider_delve, hangedman_stitches_earthworm
Spider:3: layout_spider_delve
Spider:4: guppyfry_spider_rune, spiders_nest_spider_trap
Orc:1:    layout_caves, gammafunk_ghost_necromancy, library_closet
Orc:2:    st_orc_pillars, layout_diamond_mine, guppyfry_orc_lava_fort
Vaults:1: ontoclasm_vaults_eye, nicolae_vaults_diagonal_hallway_8,
          vaults_room_door_ring, hangedman_vaults_stagger,
          vaults_room_door_hall, nicolae_vaults_minivaults,
          ontoclasm_vaults_loading_screen, hangedman_vaults_maws,
          nicolae_vaults_alarming, layout_vaults_omnigrid, uniq_nikola
Vaults:2: blue_anna_dwarven_crypt, hangedman_vaults_pinch,
          ontoclasm_vaults_ring_large, vaults_dpeg_encased_lava, v_rooms_4,
          hangedman_vaults_impose, v_misc_9, vaults_room_pool,
          ontoclasm_vaults_loading_screen, vaults_room_guarded_vault,
          hangedman_vaults_nails, ontoclasm_vaults_pinch,
          layout_vaults_omnicross, uniq_frederick
Vaults:3: nicolae_vaults_shelves_hall, v_misc_26, hangedman_vaults_restitches,
          v_rooms_2, minmay_guarded_unrand_guard_vaults,
          nicolae_vaults_diagonal_hallway_8, vaults_room_fours,
          hangedman_vaults_restitches, nicolae_vaults_big_ls,
          ontoclasm_vaults_shuriken, nicolae_vaults_big_angled_halls, v_misc_16,
          v_misc_13, nicolae_vaults_little_squares_1, layout_vaults_omnibox

Skill      XL: |  1  2  3  4  5  6  7  8  9 10 11 12 13 14 15 16 17 18 19 |
---------------+----------------------------------------------------------+-----
Spellcasting   | 2 3 4 6 7 8 11 | 11.0
Conjurations   | 4 5 7 9 10 11 12 13 14 15 | 15.0
Dodging        | 2 3 5 7 9 10 11 | 11.9
Fighting       | 1 2 4 6 8 10 | 10.4
Translocations | 3 |  3.0
Earth Magic    | 6 11 12 13 14 15 18 19 | 19.8
Armour         | 4 6 9 11 | 11.0
Shields        | 4 |  4.0
Stealth        | |  1.7

Action                   |  1- 3 |  4- 6 |  7- 9 | 10-12 | 13-15 | 16-18 | 19-21 || total
-------------------------+-------+-------+-------+-------+-------+-------+-------++-------
Melee: Staff             |       |       |     1 |     4 |    19 |    28 |     8 ||    60
 Cast: Magic Dart        |    51 |    42 |    10 |     1 |       |       |       ||   104
       Searing Ray       |    18 |    23 |    85 |   224 |    22 |       |       ||   372
       Iskenderun's Myst |       |       |       |   110 |   140 |    93 |     6 ||   349
       Iron Shot         |       |       |       |       |   175 |   526 |   126 ||   827
       Orb of Destructio |       |       |       |       |     4 |    75 |       ||    79
Evoke: Wand              |       |       |       |     6 |       |     1 |       ||     7
  Use: Scroll            |       |     7 |     4 |     8 |     6 |    26 |     2 ||    53
       Potion            |       |       |       |     3 |     1 |    17 |     1 ||    22
Armor: Robe              |     1 |     1 |       |       |       |       |       ||     2
       Leather armour    |       |       |     7 |    28 |       |       |       ||    35
       Troll leather arm |       |       |       |    15 |    25 |       |       ||    40
       Fire dragon scale |       |       |       |       |    23 |   336 |    29 ||   388
Dodge: Dodged            |     9 |     9 |    30 |   278 |   153 |   338 |    24 ||   841
Block: Buckler           |       |       |       |       |       |    65 |    14 ||    79

Table legend: (Time is in decaauts)
 A = Elapsed time spent in this place.
 B = Non-inter-level travel time spent in this place.
 C = Inter-level travel time spent in this place.
 D = Time resting spent in this place.
 E = Time spent auto-exploring this place.
 F = Levels seen in this place.
 G = Mean time per level.
                   A        B        C        D        E       F      G
               +--------+--------+--------+--------+--------+-----+--------+
         Total |  52384 |  49771 |   2613 |   7774 |  34835 |  36 | 1455.1 |
       Dungeon |  19121 |  17936 |   1185 |    704 |  15142 |  15 | 1274.7 |
          Lair |   6970 |   6521 |    449 |    507 |   5089 |   6 | 1161.7 |
        Shoals |   7669 |   7438 |    231 |   1681 |   4811 |   4 | 1917.2 |
   Spider Nest |   6211 |   6059 |    152 |   1476 |   3734 |   4 | 1552.8 |
  Orcish Mines |   4920 |   4440 |    480 |   1481 |   1805 |   2 | 2460.0 |
        Vaults |   6672 |   6558 |    114 |   1925 |   3593 |   3 | 2224.0 |
         Trove |     60 |     60 |      0 |      0 |      2 |   1 |   60.0 |
       Ossuary |    757 |    757 |      0 |      0 |    658 |   1 |  757.0 |
               +--------+--------+--------+--------+--------+-----+--------+

Top non-repeatable levels by time:
Shoals:4: 3256 daAuts
Vaults:1: 3217 daAuts
   Orc:1: 2481 daAuts
   Orc:2: 2439 daAuts
Vaults:2: 2317 daAuts
Shoals:2: 2060 daAuts
     D:9: 1978 daAuts
    D:10: 1913 daAuts
Spider:3: 1893 daAuts
Spider:4: 1760 daAuts
    D:14: 1705 daAuts
  Lair:2: 1659 daAuts
  Lair:6: 1640 daAuts
    D:15: 1530 daAuts
    D:12: 1477 daAuts
